 Dungeon Crawl Stone Soup version 0.30-a0-457-g4b7bca3bfa (webtiles) character file.

Game seed: 517699554360224721

108 ryw the Insei (level 4, -5/31 HPs)
             Began as an Octopode Transmuter on Dec 13, 2022.
             Splashed by a jelly's acid (9 damage)
             ... on level 3 of the Dungeon.
             The game lasted 00:06:09 (2722 turns).

ryw the Insei (Octopode Transmuter)                 Turns: 2722, Time: 00:06:10

Health: -5/31      AC: -11   Str:  8    XL:     4   Next: 87%
Magic:  6/8        EV: 13    Int: 21    God:
Gold:   208        SH:  0    Dex: 11    Spells: 2/8 levels left

rFire   . . .      SeeInvis .      - Unarmed
rCold   . . .      Faith    .    (no shield)
rNeg    . . .      Spirit   .    (helmet currently unavailable)
rPois   .          Reflect  .    (no amulet)
rElec   .          Harm     .    (no ring)
rCorr   .          Rampage  .    (no ring)
Will    .....                    (no ring)
Stlth   ++........               (no ring)
HPRegen 0.25/turn                (no ring)
MPRegen 0.11/turn                (no ring)
                                 (no ring)
                                 (no ring)

@: appendages, corroded
A: tentacle spike 3, almost no armour, amphibious, 8 rings, camouflage 1,
gelatinous body 1, (nimble swimmer 1), tentacles, clever 1, deterioration 1,
robust 1
a: End Transformation


You were on level 3 of the Dungeon.
One of your tentacles had grown a beastly spike.
You visited 1 branch of the dungeon, and saw 4 of its levels.

You collected 208 gold pieces.

Inventory:

Scrolls
 c - 2 scrolls of teleportation {unknown}
 d - a scroll of fear
 e - a scroll of silence {unknown}
 f - a scroll of butterflies {unknown}
 g - 2 scrolls of immolation {unknown}
 k - 5 scrolls of identify {unknown}
 m - a scroll of brand weapon {unknown}
Potions
 a - a potion of lignification
 h - a potion of attraction
 l - a potion of mutation


   Skills:
 + Level 2.2 Fighting
 + Level 2.9 Dodging
 - Level 3.0 Unarmed Combat
 + Level 2.7 Spellcasting
 + Level 2.8 Transmutations
 + Level 1.1 Poison Magic


You had 2 spell levels left.
You knew the following spells:

 Your Spells              Type           Power      Damage    Failure   Level
a - Beastly Appendage     Tmut           28%        N/A       4%          1
b - Wereblood             Tmut           14%        N/A       6%          2
c - Spider Form           Tmut/Pois      11%        N/A       19%         3

Your spell library contained the following spells:

 Spells                   Type           Power      Damage    Failure   Level
 Passwall                 Tmut/Erth      6%         N/A       12%         2
 Foxfire                  Conj/Fire      8%         2x1d4     14%         1
 Blink                    Tloc           4%         N/A       21%         2
 Ensorcelled Hibernation  Hex/Ice        4%         N/A       21%         2
 Momentum Strike          Conj/Tloc      4%         3d8       21%         2
 Lesser Beckoning         Tloc           4%         N/A       38%         3
 Swiftness                Air            2%         N/A       38%         3
 Ice Form                 Ice/Tmut       8%         N/A       58%         4
 Blade Hands              Tmut           7%         N/A       75%         5
 Fireball                 Conj/Fire      1%         3d3       98%         5
 Iron Shot                Conj/Erth      1%         9d1       100%        6
 Starburst                Conj/Fire      1%         6d3       100%        6
 Animate Armour           Summ/Erth      Unusable   N/A       N/A         4

Dungeon Overview and Level Annotations

Branches:
Dungeon (4/15)             Temple (0/1) D:4

Altars:

Shops:
D:1 *[*(

Annotations:
D:3 Robin


Innate Abilities, Weirdness & Mutations

One of your tentacles has grown a beastly spike.
You cannot wear most types of armour.
You are amphibious.
You can wear up to eight rings at the same time.
Your skin changes colour to match your surroundings (Stealth+).
Your rubbery body absorbs attacks. (AC +1, EV +1)
((You are camouflaged when in or above water. (Stealth+)))
You have tentacles for arms and can constrict up to eight enemies at once.
Your mind is acute. (Int +4, Str/Dex -1)
Your body sometimes deteriorates upon taking damage.
You are robust. (+10% HP)


Message History

Things that are here:
a +0 short sword; a +0 leather armour You start resting.
You feel less attractive to monsters.
You start resting.
You are starting to lose your buoyancy.
You start resting.
HP restored.
You float gracefully downwards.
There is a stone staircase leading up here.
You see here 3 stones.
There is a stone staircase leading down here.
You climb downwards.
The orc shouts!
The kobold shouts! x2; The orc shouts! x2; You hear a shout!
Found 2 emerald potions and 4 poisoned darts.
Found a staircase to the Ecumenical Temple.
There is a stone staircase leading up here.
The jelly hits you. The acid corrodes you!
You are splashed with acid.
You climb upwards.
Level annotation: Robin
There is a stone staircase leading down here.
Casting: Beastly Appendage (safe; 4% risk of failure)
Confirm with . or Enter, or press ? or * to list all spells.
You miscast Beastly Appendage.
You are very lightly contaminated with residual magic.
Nothing appears to happen.
The jelly hits you. The acid corrodes you!
You are splashed with acid.
You tentacle-slap the jelly but do no damage.
Your tentacles burn!
You squeeze the jelly, but do no damage.
Casting: Beastly Appendage (safe; 4% risk of failure)
Confirm with . or Enter, or press ? or * to list all spells.
One of your tentacles grows a vicious spike.
The jelly hits you. The acid corrodes you!
You are splashed with acid!
* * * LOW HITPOINT WARNING * * *
The jelly attacks as you move away! The jelly closely misses you.
Your magical contamination has completely faded away.
The jelly attacks as you move away! The jelly hits you.
* * * LOW HITPOINT WARNING * * *
You are splashed with acid!
You die...

##..........####.#.......#
#...##.###.#.....#.#######
#^#......[..######.# #. ###
#...##.###### #.########. #.<
###)##.# ##..........###.# #.##.#
#............##.# ##.##.#
#..#########.##.#
##...#.##########..## #.##.#
#.#.<..)........@...########.##.#
##.#.#.###.#####.J.......(......#
##.##...........#...#######.####
########..#######..##........#
##.# #..##.####.#.# #.#
#.>##.####.#.# #.#
#..##........## #.#
#..##.#####..## #.# #..##.# #..##


You could see a jelly.

Vanquished Creatures
  3 adders (D:3)
  A worm (D:3)
  A dart slug (D:2)
  4 orcs (D:3)
  6 endoplasms
  2 giant cockroaches (D:3)
  8 goblins
  3 hobgoblins
  10 jackals (D:1)
  3 quokkas
  6 ball pythons
  3 bats
  4 frilled lizards
  8 kobolds
  4 rats (D:1)
66 creatures vanquished.

Notes
Turn   | Place    | Note
-------+----------+-------------------------------------------
     0 | D:1      | ryw the Octopode Transmuter began the quest for the Orb.
     0 | D:1      | Reached XP level 1. HP: 13/13 MP: 3/3
    44 | D:1      | Found Bitholy's Armour Emporium.
   175 | D:1      | Found Qeojyez's Antique Weapon Emporium.
   182 | D:1      | Reached XP level 2. HP: 16/18 MP: 3/5
   214 | D:1      | Learned a level 2 spell: Wereblood
   386 | D:1      | Found Zykovoha's Assorted Antiques.
   642 | D:1      | Reached XP level 3. HP: 13/23 MP: 6/6
   646 | D:1      | Learned a level 3 spell: Spider Form
   696 | D:1      | Found Vunkat's General Store.
  1997 | D:3      | Reached XP level 4. HP: 29/29 MP: 5/7
  2191 | D:3      | Reached skill level 1 in Poison Magic
  2586 | D:3      | Noticed Robin
  2606 | D:3      | Gained mutation: Your mind is acute. (Int +4, Str/Dex -1)
                  | [potion of mutation]
  2606 | D:3      | Gained mutation: Your body sometimes deteriorates upon
                  | taking damage. [potion of mutation]
  2606 | D:3      | Gained mutation: You are robust. (+10% HP) [potion of
                  | mutation]
  2711 | D:4      | Found a staircase to the Ecumenical Temple.
  2722 | D:3      | Splashed by a jelly's acid

Illustrated notes

Levels and vault maps discovered:
D:1:      dpeg_arrival_court, layout_basic, serial_shops, shop_statue, shop,
          nicolae_shop_crystal, nicolae_shop_advertising_works
          [nicolae_subvault_shop_adworks], minmay_small_reverse_x
D:2:      layout_basic
D:3:      layout_loops_ring, uniq_robin
D:4:      layout_loops_ring, nicolae_tso_swordbearing_angel,
          minmay_temple_entry_grid, uniq_eustachio, uniq_menkaure

Skill      XL: |  1  2  3  4 |
---------------+-------------+-----
Fighting       | 2 |  2.2
Poison Magic   | 1 |  1.1
Dodging        | |  2.9
Unarmed Combat | |  3.0
Spellcasting   | |  2.7
Transmutations | |  2.8

Action                   |  1- 3 |  4- 6 || total
-------------------------+-------+-------++-------
Melee: Unarmed           |    91 |    41 ||   132
       Kick              |    29 |    13 ||    42
       Constrict         |    19 |    15 ||    34
       Tentacles         |    13 |     9 ||    22
       Punch             |     3 |     1 ||     4
 Cast: Beastly Appendage |    28 |    13 ||    41
       Spider Form       |     1 |       ||     1
  Use: Potion            |       |     5 ||     5
       Scroll            |       |     1 ||     1
 Stab: Sleeping          |     6 |     4 ||    10
       Fleeing           |       |     1 ||     1
Armor: Skin              |     7 |     3 ||    10
Dodge: Dodged            |    50 |    27 ||    77

Table legend: (Time is in decaauts)
 A = Elapsed time spent in this place.
 B = Non-inter-level travel time spent in this place.
 C = Inter-level travel time spent in this place.
 D = Time resting spent in this place.
 E = Time spent auto-exploring this place.
 F = Levels seen in this place.
 G = Mean time per level.
                   A        B        C        D        E       F      G
               +--------+--------+--------+--------+--------+-----+--------+
         Total |   2714 |   2433 |    281 |     30 |   1900 |   4 |  678.5 |
       Dungeon |   2714 |   2433 |    281 |     30 |   1900 |   4 |  678.5 |
               +--------+--------+--------+--------+--------+-----+--------+

Top non-repeatable levels by time:
     D:1: 1322 daAuts
     D:3: 782 daAuts
     D:2: 608 daAuts
     D:4: 1 daAuts
